 Dungeon Crawl Stone Soup version 0.15-b1-58-g4898494 (webtiles) character file.

266 Kae the Firebug (level 6, -8/32 HPs)
             Began as a Tengu Fire Elementalist on Aug 12, 2014.
             Mangled by Prince Ribbit (13 damage)
             ... on Level 4 of the Dungeon.
             The game lasted 00:07:46 (4685 turns).

Kae the Firebug (Tengu Fire Elementalist)           Turns: 4685, Time: 00:07:47

HP  -8/32        AC  2     Str  8      XL: 6   Next: 20%
MP  10/14        EV 12     Int 17      God:
Gold 145         SH  0     Dex 15      Spells:  4 memorised,  1 level left

rFire  . . .     SeeInvis .     e - +0 dagger
rCold  . . .     Clarity  .     a - +0 robe
rNeg   . . .     rCorr    .     (no shield)
rPois  .         rRot     .     (helmet restricted)
rElec  .         Spirit   .     (no cloak)
SustAb .         Warding  .     (no gloves)
rMut   .         Stasis   .     (boots unavailable)
Gourm  .                        (no amulet)
MR     .....                    (no ring)
                                (no ring)

@: very slightly contaminated, not resistant to hostile enchantments, unstealthy
A: able to fly, beak, talons 3
a: Fly


You were on level 4 of the Dungeon.
You were not hungry.

You visited 1 branch of the dungeon, and saw 4 of its levels.

You collected 145 gold pieces.

Inventory:

Hand weapons
 e - a +0 dagger (weapon)
Armour
 a - a +0 robe (worn)
Magical devices
 o - a wand of random effects (13) {unknown}
 r - a wand of random effects (12) {unknown}
Comestibles
 c - 6 bread rations
 f - a slice of pizza
 g - 3 meat rations
 k - 2 fruits
 t - a royal jelly
Scrolls
 d - 2 scrolls of teleportation {unknown}
 h - a scroll of recharging {unknown}
 j - a scroll of remove curse {unknown}
 p - a scroll of magic mapping {unknown}
 q - a scroll of identify {unknown}
 v - 3 scrolls of fog {unknown}
Jewellery
 s - an uncursed ring of wizardry {unknown}
Potions
 i - a potion of beneficial mutation {unknown}
 l - 2 potions of poison {unknown}
 m - a potion of invisibility {unknown}
 n - a potion of brilliance {unknown}
 u - a potion of curing {unknown}
Books
 b - a book of Flames

   Spells                             Type                      Level
   *Flame Tongue                      Conjuration/Fire             1
   *Throw Flame                       Conjuration/Fire             2
   *Conjure Flame                     Conjuration/Fire             3
   Inner Flame                        Hexes/Fire                   3
   *Sticky Flame                      Conjuration/Fire             4
   Fireball                           Conjuration/Fire             5


   Skills:
 - Level 2.1 Dodging
 - Level 2.0 Stealth
 + Level 3.0 Spellcasting
 * Level 4.9 Conjurations
 * Level 5.4 Fire Magic


You had one spell level left.
You knew the following spells:

 Your Spells              Type           Power        Failure   Level  Hunger
a - Flame Tongue          Conj/Fire      ###..        2%          1    None
b - Throw Flame           Conj/Fire      ###...       3%          2    ##.....
c - Conjure Flame         Conj/Fire      ###.....     10%         3    ###....
d - Sticky Flame          Conj/Fire      ###.....     24%         4    ####...


Dungeon Overview and Level Annotations

Branches:
Dungeon (4/15)
 Temple: D:4-7

Altars:
Cheibriados
Fedhas
Kikubaaqudgha
Okawaru

Annotations:
D:3 Grinder
D:4 Dowan, Menkaure, Prince Ribbit


Innate Abilities, Weirdness & Mutations

You can fly.
You have a beak for a mouth.
You have claws for feet.


Message History

Casting: Conjure Flame
Confirm with . or Enter, or press ? or * to list all spells.
Aiming: Conjure Flame
Press: ? - help, Dir - move target cursor, f/p - Prince Ribbit
Aim: Prince Ribbit You can't place the cloud on a creature.
Casting: Conjure Flame
Confirm with . or Enter, or press ? or * to list all spells.
Aiming: Sticky Flame
Press: ? - help, Shift-Dir - straight line, f/p - Prince Ribbit
Aim: Prince Ribbit You miscast Sticky Flame.
You are very lightly contaminated with residual magic.
You are caught in a fiery explosion!
The explosion engulfs you!
* * * LOW HITPOINT WARNING * * *
The explosion engulfs Prince Ribbit.
Prince Ribbit is almost dead.
You hear a shout! x2
Prince Ribbit hits you!
You die...

.. ##%###.............
#.# ##..##...... ... #..
##...........
#.##...).........
###.................
.####...#........<......
#.......................
.e...............F.......
##.............@........
#.......................
.......................
......................
.....................
...................
.................
.......$.......
......)......


You could see Prince Ribbit.

Vanquished Creatures
  An ogre (D:4)
  Natasha (thrice) (D:3)
  Ijyb (D:2)
  Terence (D:3)
  4 adders
  3 worms
  4 orcs
  7 bats
  2 giant cockroaches
  11 goblins
  11 hobgoblins
  4 jackals
  A quokka (D:4)
  5 giant newts
  12 kobolds
  9 rats
79 creatures vanquished.

Notes
Turn   | Place    | Note
--------------------------------------------------------------
     0 | D:1      | Kae, the Tengu Fire Elementalist, began the quest for the Orb.
     0 | D:1      | Reached XP level 1. HP: 10/10 MP: 3/3
   347 | D:1      | Reached XP level 2. HP: 9/15 MP: 0/5
   828 | D:1      | Reached XP level 3. HP: 11/19 MP: 7/7
   832 | D:1      | Learned a level 2 spell: Throw Flame
  1066 | D:1      | Reached skill level 4 in Fire Magic
  1675 | D:2      | Found an iron altar of Okawaru.
  1998 | D:2      | Reached XP level 4. HP: 24/24 MP: 3/9
  2088 | D:3      | Noticed Ijyb
  2309 | D:1      | Learned a level 3 spell: Conjure Flame
  2366 | D:2      | Killed Ijyb
  2993 | D:3      | Noticed Terence
  3049 | D:3      | Killed Terence
  3049 | D:3      | Reached XP level 5. HP: 22/28 MP: 0/11
  3140 | D:3      | Found a snail-covered altar of Cheibriados.
  3141 | D:3      | Noticed Grinder
  3776 | D:3      | Noticed Natasha
  3787 | D:3      | Killed Natasha
  3787 | D:3      | Reached skill level 5 in Fire Magic
  3885 | D:3      | Noticed Natasha
  3887 | D:3      | Killed Natasha
  4066 | D:3      | Found a blossoming altar of Fedhas.
  4067 | D:3      | Found an ancient bone altar of Kikubaaqudgha.
  4147 | D:3      | Noticed Natasha
  4148 | D:3      | Killed Natasha
  4316 | D:4      | Noticed an ogre
  4323 | D:4      | Killed an ogre
  4323 | D:4      | Reached XP level 6. HP: 32/32 MP: 4/14
  4602 | D:4      | Noticed Menkaure
  4669 | D:4      | Learned a level 4 spell: Sticky Flame
  4674 | D:4      | Noticed Dowan
  4680 | D:4      | Noticed Prince Ribbit
  4685 | D:4      | Mangled by Prince Ribbit

Action                   |  1- 3 |  4- 6 || total
-------------------------+-------+-------++-------
Melee: Unarmed           |    31 |       ||    31
       Dagger            |    19 |    61 ||    80
 Cast: Flame Tongue      |    53 |    83 ||   136
       Conjure Flame     |       |     2 ||     2
       Throw Flame       |       |     9 ||     9
 Stab: Sleeping          |     1 |       ||     1
  Eat: Chunk             |     4 |    10 ||    14
